[ AOE2 MATCH · #483155665 ]
UnrankedCelts vs Jurchens
[ REPLAY ANALYSIS · EXTRACTED FROM THE RECORDED GAME ]
Feudal
13:50
Castle
23:26
Imperial
37:44
| APM avg | 17.6 |
| APM peak | 43 |
| eAPM avg | 16.8 |
| Villagers / military | 126 / 123 |
Focus
⚔️ 33.1% · 🌾 66.9%
Unknown (882) ×56 · Knight ×49 · Scorpion ×26 · Woad Raider ×22 · Trade Cart ×11 · Trebuchet (Packed) ×10
Feudal
12:33
Castle
20:13
Imperial
37:28
| APM avg | 27.0 |
| APM peak | 65 |
| eAPM avg | 14.9 |
| Villagers / military | 109 / 53 |
Focus
⚔️ 26.4% · 🌾 73.6%
Unknown (1911) ×111 · Skirmisher ×30 · Iron Pagoda ×11 · Bombard Cannon ×6 · Unknown (1908) ×5 · Monk ×4
Feudal
13:28
Castle
21:43
Imperial
41:25
| APM avg | 16.7 |
| APM peak | 72 |
| eAPM avg | 14.8 |
| Villagers / military | 89 / 86 |
Focus
⚔️ 32.2% · 🌾 67.8%
Knight ×45 · Battle Elephant ×34 · Unknown (882) ×24 · Scorpion ×7
Feudal
12:17
Castle
19:48
Imperial
42:33
| APM avg | 16.1 |
| APM peak | 47 |
| eAPM avg | 11.7 |
| Villagers / military | 84 / 119 |
Focus
⚔️ 34.1% · 🌾 65.9%
Hussite Wagon ×47 · Scout Cavalry ×27 · Spearman ×26 · Knight ×9 · Fishing Ship ×7 · Scorpion ×5
Feudal
12:39
Castle
24:59
Imperial
—
| APM avg | 14.0 |
| APM peak | 84 |
| eAPM avg | 12.2 |
| Villagers / military | 56 / 66 |
Focus
⚔️ 24.2% · 🌾 75.8%
Skirmisher ×25 · Militia ×20 · Spearman ×17 · Teutonic Knight ×3 · Monk ×1
Feudal
12:55
Castle
17:43
Imperial
24:02
| APM avg | 20.6 |
| APM peak | 47 |
| eAPM avg | 14.7 |
| Villagers / military | 81 / 178 |
Focus
⚔️ 42.0% · 🌾 58.0%
Hand Cannoneer ×152 · Bombard Cannon ×25 · Fishing Ship ×3 · Demolition Raft ×1
Match map
Initial resources + every placement click. Lines = walls · curves = elevation contours. ◆ gold · ⬟ stone · ● berries · ✦ relic · ◌ wall gap
Your base· ✓ Closed at 23:26 · 37t walls · 2 gate(s)
Lucryn's base· Open — opponent sealed themselves in
best_s04's base· ✓ Closed at 21:43 · 11t walls · no gate
Testosaurus Zeps's base· Open — opponent sealed themselves in
Souperman's base· ✓ Closed at 24:59 · 23t walls · 1 gate(s)
Kim-Jong-Kill's base· ✓ Closed at 17:43 · 22t walls · 1 gate(s)
Smoothed initial terrain · ◌ = detected wall gap · hover for details
Inputs per minute
— Jeanne d'Arc - - Lucryn
Build order — Jeanne d'Arc
First 150 of 491 actions detected
| 0:02 | Create | Villager (Male) |
| 0:02 | Create | Villager (Male) |
| 0:02 | Create | Villager (Male) |
| 0:02 | Create | Villager (Male) |
| 0:04 | Build | House |
| 0:05 | Build | House |
| 0:07 | Build | House |
| 0:23 | Research | Loom |
| 0:53 | Build | Lumber Camp |
| 1:36 | Create | Villager (Male) |
| 2:42 | Build | Palisade Wall |
| 2:48 | Build | Palisade Wall |
| 3:30 | Create | Villager (Male) |
| 4:07 | Build | House |
| 4:36 | Create | Villager (Male) |
| 4:53 | Build | Palisade Wall |
| 5:14 | Create | Villager (Male) |
| 5:45 | Create | Villager (Male) |
| 5:55 | Build | Lumber Camp |
| 6:07 | Create | Villager (Male) |
| 6:30 | Create | Villager (Male) |
| 6:42 | Create | Villager (Male) |
| 7:07 | Build | Palisade Wall |
| 7:12 | Create | Villager (Male) |
| 7:12 | Create | Villager (Male) |
| 7:36 | Create | Villager (Male) |
| 8:00 | Build | Mill |
| 8:22 | Create | Villager (Male) |
| 8:50 | Create | Villager (Male) |
| 8:51 | Create | Villager (Male) |
| 8:51 | Create | Villager (Male) |
| 8:51 | Create | Villager (Male) |
| 9:18 | Build | House |
| 9:19 | Build | House |
| 9:53 | Build | Mill |
| 9:57 | Create | Villager (Male) |
| 9:57 | Create | Villager (Male) |
| 11:40 | Research | Feudal Age |
| 11:46 | Build | Mining Camp |
| 12:52 | Build | House |
| 12:53 | Build | House |
| 12:54 | Build | House |
| 13:50 | Age | Feudal Age |
| 13:58 | Build | Stone Wall |
| 14:06 | Build | Watch Tower |
| 14:18 | Build | Gate |
| 14:25 | Create | Villager (Male) |
| 14:26 | Create | Villager (Male) |
| 14:27 | Create | Villager (Male) |
| 14:28 | Create | Villager (Male) |
| 14:55 | Build | Mill |
| 15:09 | Create | Villager (Male) |
| 15:31 | Create | Villager (Male) |
| 15:48 | Build | Stone Wall |
| 15:55 | Create | Villager (Male) |
| 16:40 | Create | Villager (Male) |
| 16:56 | Build | Lumber Camp |
| 17:09 | Create | Villager (Male) |
| 17:19 | Create | Villager (Male) |
| 18:04 | Build | Mining Camp |
| 18:05 | Create | Villager (Male) |
| 18:40 | Build | Farm |
| 18:42 | Create | Villager (Male) |
| 18:55 | Build | Gate |
| 19:07 | Build | Farm |
| 19:10 | Create | Villager (Male) |
| 19:20 | Build | Market |
| 19:29 | Build | Farm |
| 19:31 | Create | Villager (Male) |
| 19:48 | Build | Blacksmith |
| 19:57 | Build | Farm |
| 19:59 | Create | Villager (Male) |
| 20:19 | Build | Farm |
| 20:37 | Build | Farm |
| 20:44 | Build | Farm |
| 20:46 | Research | Castle Age |
| 20:53 | Build | Farm |
| 20:57 | Research | Horse Collar |
| 21:00 | Research | Double-Bit Axe |
| 21:09 | Build | Farm |
| 21:15 | Build | Farm |
| 21:16 | Build | Farm |
| 22:14 | Research | Gold Mining |
| 22:24 | Research | Stone Mining |
| 22:55 | Create | Villager (Male) |
| 22:55 | Create | Villager (Male) |
| 23:26 | Age | Castle Age |
| 23:34 | Build | Town Center |
| 23:40 | Build | Town Center |
| 23:46 | Build | Town Center |
| 23:56 | Research | Bow Saw |
| 24:06 | Build | House |
| 24:10 | Build | House |
| 24:11 | Create | Villager (Male) |
| 24:11 | Create | Villager (Male) |
| 24:24 | Create | Villager (Male) |
| 24:29 | Build | Farm |
| 24:31 | Create | Villager (Male) |
| 24:41 | Research | Heavy Plow |
| 24:52 | Build | Farm |
| 24:53 | Create | Villager (Male) |
| 25:02 | Create | Villager (Male) |
| 25:15 | Build | Farm |
| 25:18 | Build | Farm |
| 25:30 | Build | Barracks |
| 25:32 | Create | Villager (Male) |
| 25:32 | Create | Villager (Male) |
| 25:49 | Build | Castle |
| 25:56 | Build | Farm |
| 25:57 | Create | Villager (Male) |
| 25:58 | Create | Villager (Male) |
| 26:03 | Build | Farm |
| 26:04 | Create | Villager (Male) |
| 26:12 | Create | Villager (Male) |
| 26:18 | Build | Monastery |
| 26:23 | Build | University |
| 26:26 | Build | Farm |
| 26:29 | Build | House |
| 26:30 | Build | House |
| 26:31 | Create | Villager (Male) |
| 26:32 | Create | Villager (Male) |
| 26:32 | Create | Villager (Male) |
| 26:36 | Build | Farm |
| 26:43 | Build | House |
| 26:47 | Build | House |
| 26:48 | Create | Villager (Male) |
| 27:02 | Create | Villager (Male) |
| 27:03 | Create | Villager (Male) |
| 27:15 | Build | Farm |
| 27:26 | Build | Town Center |
| 27:28 | Create | Villager (Male) |
| 27:28 | Create | Villager (Male) |
| 27:29 | Create | Villager (Male) |
| 27:29 | Create | Villager (Male) |
| 27:29 | Create | Villager (Male) |
| 27:45 | Build | Farm |
| 27:47 | Create | Villager (Male) |
| 27:55 | Research | Gold Shaft Mining |
| 27:56 | Create | Villager (Male) |
| 27:57 | Create | Villager (Male) |
| 27:57 | Create | Villager (Male) |
| 28:00 | Build | Farm |
| 28:10 | Build | Farm |
| 28:16 | Build | Siege Workshop |
| 28:19 | Build | Farm |
| 28:21 | Create | Villager (Male) |
| 28:21 | Create | Villager (Male) |
| 28:21 | Create | Villager (Male) |
| 28:32 | Build | Farm |
| 28:33 | Create | Villager (Male) |
Build order — Lucryn
First 150 of 358 actions detected
| 0:01 | Create | Villager (Male) |
| 0:01 | Create | Villager (Male) |
| 0:01 | Create | Villager (Male) |
| 0:02 | Build | House |
| 0:04 | Build | House |
| 0:31 | Create | Villager (Male) |
| 1:42 | Create | Villager (Male) |
| 1:42 | Create | Villager (Male) |
| 1:49 | Build | Lumber Camp |
| 2:18 | Create | Villager (Male) |
| 3:12 | Create | Villager (Male) |
| 3:12 | Create | Villager (Male) |
| 3:36 | Research | Loom |
| 3:39 | Create | Villager (Male) |
| 3:41 | Create | Villager (Male) |
| 4:41 | Build | Palisade Gate |
| 4:47 | Build | Palisade Wall |
| 4:53 | Build | House |
| 5:05 | Create | Villager (Male) |
| 5:05 | Create | Villager (Male) |
| 5:51 | Create | Villager (Male) |
| 6:22 | Create | Villager (Male) |
| 6:54 | Build | Barracks |
| 7:01 | Create | Villager (Male) |
| 7:01 | Create | Villager (Male) |
| 7:01 | Create | Villager (Male) |
| 7:07 | Build | House |
| 7:16 | Build | House |
| 7:47 | Build | Mill |
| 8:08 | Build | Palisade Gate |
| 8:43 | Create | Villager (Male) |
| 8:43 | Create | Villager (Male) |
| 8:43 | Create | Villager (Male) |
| 8:59 | Build | Palisade Wall |
| 9:08 | Build | Palisade Gate |
| 9:43 | Build | Mining Camp |
| 9:57 | Create | Villager (Male) |
| 10:19 | Research | Feudal Age |
| 10:33 | Build | Mill |
| 11:27 | Create | Villager (Male) |
| 11:27 | Create | Villager (Male) |
| 12:33 | Age | Feudal Age |
| 12:45 | Build | Archery Range |
| 12:50 | Create | Villager (Male) |
| 12:50 | Create | Villager (Male) |
| 13:00 | Build | Mill |
| 13:06 | Research | Double-Bit Axe |
| 13:25 | Build | Blacksmith |
| 14:25 | Build | Gate |
| 14:33 | Create | Skirmisher |
| 14:34 | Create | Skirmisher |
| 14:36 | Create | Villager (Male) |
| 14:37 | Create | Villager (Male) |
| 14:41 | Build | House |
| 14:48 | Build | House |
| 14:50 | Build | House |
| 14:51 | Build | House |
| 15:04 | Research | Horse Collar |
| 15:13 | Build | Farm |
| 15:16 | Build | Farm |
| 15:17 | Build | Farm |
| 15:25 | Create | Villager (Male) |
| 15:25 | Create | Villager (Male) |
| 16:05 | Create | Villager (Male) |
| 16:23 | Build | Farm |
| 16:24 | Build | Farm |
| 16:25 | Build | Farm |
| 16:41 | Build | Market |
| 17:07 | Build | Mining Camp |
| 17:08 | Create | Villager (Male) |
| 17:08 | Create | Villager (Male) |
| 17:30 | Research | Castle Age |
| 18:05 | Create | Skirmisher |
| 18:31 | Build | Gate |
| 18:35 | Build | Stone Wall |
| 18:37 | Build | Stone Wall |
| 18:40 | Build | Stone Wall |
| 18:47 | Build | Gate |
| 18:51 | Build | Stone Wall |
| 19:00 | Create | Villager (Male) |
| 19:00 | Create | Villager (Male) |
| 19:49 | Create | Skirmisher |
| 19:58 | Research | Fletching |
| 20:13 | Age | Castle Age |
| 20:30 | Build | Castle |
| 20:36 | Create | Villager (Male) |
| 20:58 | Build | Town Center |
| 21:34 | Build | Town Center |
| 21:40 | Create | Villager (Male) |
| 21:40 | Create | Villager (Male) |
| 21:40 | Create | Villager (Male) |
| 21:40 | Create | Villager (Male) |
| 21:54 | Research | Bodkin Arrow |
| 22:00 | Create | Skirmisher |
| 22:02 | Create | Skirmisher |
| 22:25 | Create | Villager (Male) |
| 22:25 | Create | Villager (Male) |
| 22:27 | Create | Villager (Male) |
| 22:28 | Create | Villager (Male) |
| 23:15 | Build | Archery Range |
| 23:19 | Create | Villager (Male) |
| 23:20 | Create | Villager (Male) |
| 23:20 | Create | Villager (Male) |
| 23:20 | Create | Villager (Male) |
| 23:29 | Build | Farm |
| 23:30 | Build | Farm |
| 23:32 | Build | Farm |
| 23:34 | Create | Villager (Male) |
| 23:50 | Create | Villager (Male) |
| 24:11 | Create | Unit 1911 |
| 24:11 | Create | Unit 1911 |
| 24:24 | Create | Villager (Male) |
| 24:31 | Build | Farm |
| 24:31 | Build | Farm |
| 24:32 | Build | Farm |
| 24:32 | Build | Farm |
| 24:46 | Build | House |
| 24:47 | Build | House |
| 24:48 | Build | House |
| 24:49 | Build | House |
| 24:50 | Build | House |
| 25:01 | Create | Unit 1911 |
| 25:02 | Create | Unit 1911 |
| 25:04 | Create | Villager (Male) |
| 25:23 | Build | Farm |
| 25:24 | Build | Farm |
| 25:26 | Build | Farm |
| 25:29 | Create | Villager (Male) |
| 25:29 | Create | Villager (Male) |
| 25:50 | Create | Unit 1911 |
| 25:50 | Create | Unit 1911 |
| 25:51 | Create | Villager (Male) |
| 26:20 | Create | Skirmisher |
| 26:20 | Create | Skirmisher |
| 26:21 | Create | Skirmisher |
| 26:22 | Create | Skirmisher |
| 26:47 | Build | University |
| 26:55 | Create | Villager (Male) |
| 26:55 | Create | Villager (Male) |
| 26:55 | Create | Villager (Male) |
| 26:55 | Create | Villager (Male) |
| 27:07 | Build | Farm |
| 27:08 | Build | Farm |
| 27:09 | Build | Farm |
| 27:10 | Build | Farm |
| 27:15 | Build | Farm |
| 27:16 | Build | Farm |
| 27:22 | Create | Villager (Male) |
| 27:22 | Create | Villager (Male) |
| 27:22 | Create | Villager (Male) |
Build order — best_s04
First 150 of 321 actions detected
| 0:02 | Create | Villager (Male) |
| 0:02 | Create | Villager (Male) |
| 0:04 | Build | House |
| 0:06 | Build | House |
| 0:28 | Create | Villager (Male) |
| 0:47 | Research | Loom |
| 1:07 | Create | Villager (Male) |
| 2:02 | Create | Villager (Male) |
| 2:57 | Build | Palisade Wall |
| 3:29 | Create | Villager (Male) |
| 3:30 | Create | Villager (Male) |
| 4:14 | Build | Lumber Camp |
| 4:20 | Create | Villager (Male) |
| 5:48 | Build | Mill |
| 6:13 | Create | Villager (Male) |
| 6:14 | Create | Villager (Male) |
| 7:15 | Create | Villager (Male) |
| 7:25 | Build | House |
| 7:38 | Create | Villager (Male) |
| 8:23 | Create | Villager (Male) |
| 8:40 | Create | Villager (Male) |
| 9:02 | Create | Villager (Male) |
| 9:32 | Build | House |
| 9:36 | Build | House |
| 9:38 | Build | House |
| 9:40 | Build | House |
| 9:41 | Build | House |
| 9:48 | Create | Villager (Male) |
| 10:14 | Build | Lumber Camp |
| 10:28 | Create | Villager (Male) |
| 10:28 | Create | Villager (Male) |
| 11:07 | Research | Feudal Age |
| 12:06 | Build | Mill |
| 12:33 | Create | Villager (Male) |
| 12:33 | Create | Villager (Male) |
| 13:28 | Age | Feudal Age |
| 13:37 | Create | Villager (Male) |
| 13:39 | Build | Farm |
| 13:41 | Build | Farm |
| 14:02 | Build | Mining Camp |
| 14:10 | Research | Double-Bit Axe |
| 14:20 | Research | Horse Collar |
| 14:46 | Create | Villager (Male) |
| 14:46 | Create | Villager (Male) |
| 14:58 | Build | Farm |
| 15:12 | Build | Farm |
| 16:08 | Create | Villager (Male) |
| 16:08 | Create | Villager (Male) |
| 16:08 | Create | Villager (Male) |
| 16:16 | Build | Farm |
| 16:41 | Create | Villager (Male) |
| 16:50 | Build | Farm |
| 17:07 | Build | Market |
| 17:11 | Build | Farm |
| 17:29 | Create | Villager (Male) |
| 17:32 | Build | Farm |
| 17:57 | Build | Farm |
| 18:04 | Create | Villager (Male) |
| 18:07 | Create | Villager (Male) |
| 18:17 | Build | Farm |
| 18:26 | Build | Farm |
| 18:52 | Build | Farm |
| 19:01 | Research | Castle Age |
| 19:15 | Build | Farm |
| 19:56 | Build | Stable |
| 20:01 | Build | Stable |
| 20:27 | Build | Mining Camp |
| 20:31 | Build | Farm |
| 20:36 | Build | Farm |
| 20:47 | Build | Farm |
| 21:20 | Create | Villager (Male) |
| 21:21 | Create | Villager (Male) |
| 21:32 | Build | Blacksmith |
| 21:43 | Age | Castle Age |
| 21:55 | Build | Farm |
| 21:58 | Build | Farm |
| 22:29 | Build | Stable |
| 22:52 | Build | Stable |
| 23:01 | Build | Farm |
| 23:03 | Research | Scale Barding Armor |
| 23:04 | Research | Forging |
| 23:07 | Create | Villager (Male) |
| 23:07 | Create | Villager (Male) |
| 23:07 | Create | Villager (Male) |
| 23:16 | Build | Town Center |
| 23:39 | Create | Battle Elephant |
| 23:40 | Create | Battle Elephant |
| 24:10 | Build | Farm |
| 24:14 | Build | Farm |
| 24:30 | Create | Battle Elephant |
| 24:31 | Create | Battle Elephant |
| 24:31 | Create | Battle Elephant |
| 24:45 | Build | Farm |
| 24:55 | Build | Mining Camp |
| 25:00 | Create | Villager (Male) |
| 25:01 | Create | Villager (Male) |
| 25:01 | Create | Villager (Male) |
| 25:20 | Build | House |
| 25:27 | Create | Villager (Male) |
| 25:27 | Create | Villager (Male) |
| 25:28 | Create | Villager (Male) |
| 25:47 | Create | Battle Elephant |
| 25:48 | Create | Battle Elephant |
| 26:17 | Create | Villager (Male) |
| 26:18 | Create | Villager (Male) |
| 26:18 | Create | Villager (Male) |
| 26:23 | Create | Villager (Male) |
| 26:24 | Create | Villager (Male) |
| 26:24 | Create | Villager (Male) |
| 26:34 | Create | Battle Elephant |
| 27:00 | Build | Lumber Camp |
| 27:04 | Build | House |
| 27:05 | Build | House |
| 27:10 | Create | Villager (Male) |
| 27:11 | Create | Villager (Male) |
| 27:57 | Create | Villager (Male) |
| 28:05 | Research | Stone Mining |
| 28:05 | Research | Gold Mining |
| 28:12 | Research | Wheelbarrow |
| 28:18 | Build | House |
| 28:21 | Create | Villager (Male) |
| 28:21 | Create | Villager (Male) |
| 28:21 | Create | Villager (Male) |
| 28:26 | Build | Farm |
| 28:54 | Research | Husbandry |
| 29:45 | Create | Villager (Male) |
| 29:46 | Create | Villager (Male) |
| 29:46 | Create | Villager (Male) |
| 29:46 | Create | Villager (Male) |
| 29:53 | Create | Villager (Male) |
| 29:53 | Create | Villager (Male) |
| 29:53 | Create | Villager (Male) |
| 29:56 | Build | Farm |
| 29:57 | Build | Farm |
| 30:04 | Create | Battle Elephant |
| 30:04 | Create | Battle Elephant |
| 30:04 | Create | Battle Elephant |
| 30:04 | Create | Battle Elephant |
| 30:05 | Create | Battle Elephant |
| 30:14 | Create | Battle Elephant |
| 30:47 | Create | Battle Elephant |
| 30:47 | Create | Battle Elephant |
| 30:48 | Create | Battle Elephant |
| 31:01 | Build | House |
| 31:02 | Build | House |
| 31:11 | Build | Mining Camp |
| 31:16 | Build | Farm |
| 32:53 | Create | Battle Elephant |
| 32:53 | Create | Battle Elephant |
| 32:54 | Create | Battle Elephant |
Build order — Testosaurus Zeps
First 150 of 335 actions detected
| 0:02 | Build | House |
| 0:04 | Build | House |
| 0:05 | Research | Loom |
| 0:05 | Create | Villager (Male) |
| 0:05 | Create | Villager (Male) |
| 0:06 | Create | Villager (Male) |
| 0:06 | Create | Villager (Male) |
| 1:48 | Create | Villager (Male) |
| 2:15 | Create | Villager (Male) |
| 2:38 | Create | Villager (Male) |
| 3:11 | Create | Villager (Male) |
| 3:23 | Create | Villager (Male) |
| 3:27 | Build | Lumber Camp |
| 3:30 | Build | House |
| 3:32 | Build | House |
| 4:08 | Create | Villager (Male) |
| 4:08 | Create | Villager (Male) |
| 4:45 | Build | Mill |
| 4:58 | Create | Villager (Male) |
| 5:26 | Create | Villager (Male) |
| 5:50 | Build | Mill |
| 5:58 | Create | Villager (Male) |
| 6:27 | Create | Villager (Male) |
| 6:29 | Create | Villager (Male) |
| 6:59 | Create | Villager (Male) |
| 7:11 | Build | Barracks |
| 8:23 | Create | Villager (Male) |
| 8:50 | Create | Villager (Male) |
| 8:50 | Create | Villager (Male) |
| 9:07 | Build | Mining Camp |
| 9:20 | Build | Mining Camp |
| 9:35 | Build | House |
| 9:42 | Create | Villager (Male) |
| 9:54 | Research | Feudal Age |
| 10:49 | Create | Villager (Male) |
| 10:49 | Create | Villager (Male) |
| 11:43 | Build | Mill |
| 11:56 | Build | Dock |
| 12:17 | Age | Feudal Age |
| 12:19 | Research | Horse Collar |
| 12:21 | Research | Double-Bit Axe |
| 12:41 | Create | Villager (Male) |
| 12:41 | Create | Villager (Male) |
| 12:49 | Create | Fishing Ship |
| 12:50 | Create | Fishing Ship |
| 12:59 | Build | House |
| 13:01 | Build | House |
| 13:02 | Build | House |
| 13:03 | Build | House |
| 13:20 | Build | Blacksmith |
| 13:36 | Build | House |
| 13:39 | Build | House |
| 13:41 | Build | House |
| 13:43 | Build | House |
| 13:45 | Build | House |
| 13:59 | Create | Villager (Male) |
| 13:59 | Create | Villager (Male) |
| 14:16 | Create | Fishing Ship |
| 14:24 | Build | Market |
| 14:33 | Create | Villager (Male) |
| 14:48 | Build | House |
| 14:51 | Build | House |
| 14:53 | Build | House |
| 14:56 | Build | House |
| 14:58 | Build | House |
| 15:07 | Create | Villager (Male) |
| 15:52 | Create | Villager (Male) |
| 16:22 | Build | Farm |
| 16:35 | Create | Fishing Ship |
| 17:08 | Research | Castle Age |
| 17:46 | Build | Barracks |
| 17:47 | Build | Barracks |
| 17:49 | Build | Barracks |
| 17:50 | Build | Barracks |
| 17:59 | Build | Barracks |
| 18:01 | Build | Barracks |
| 18:52 | Build | Fish Trap |
| 18:57 | Build | Fish Trap |
| 19:28 | Research | Scale Mail Armor |
| 19:35 | Research | Forging |
| 19:44 | Create | Villager (Male) |
| 19:44 | Create | Villager (Male) |
| 19:48 | Age | Castle Age |
| 20:02 | Build | Town Center |
| 20:09 | Create | Villager (Male) |
| 20:10 | Create | Villager (Male) |
| 20:22 | Research | Bow Saw |
| 20:57 | Build | Town Center |
| 21:07 | Create | Villager (Male) |
| 21:36 | Create | Villager (Male) |
| 21:43 | Research | Pikeman (upgrade) |
| 21:56 | Create | Spearman |
| 22:02 | Build | Farm |
| 22:22 | Build | Monastery |
| 22:29 | Build | University |
| 22:51 | Create | Fishing Ship |
| 23:06 | Create | Villager (Male) |
| 23:06 | Create | Villager (Male) |
| 23:06 | Create | Villager (Male) |
| 23:06 | Create | Villager (Male) |
| 23:18 | Build | Farm |
| 23:19 | Build | Farm |
| 23:21 | Build | Farm |
| 23:41 | Build | Town Center |
| 23:51 | Build | Farm |
| 23:53 | Build | Farm |
| 23:54 | Build | Farm |
| 23:58 | Build | Farm |
| 24:00 | Build | Farm |
| 24:24 | Create | Villager (Male) |
| 24:25 | Create | Villager (Male) |
| 24:25 | Create | Villager (Male) |
| 24:25 | Create | Villager (Male) |
| 24:34 | Build | Farm |
| 24:46 | Build | Fish Trap |
| 25:02 | Create | Villager (Male) |
| 25:02 | Create | Villager (Male) |
| 25:08 | Build | Farm |
| 25:09 | Build | Farm |
| 25:23 | Create | Villager (Male) |
| 25:24 | Create | Villager (Male) |
| 25:34 | Create | Trade Cart |
| 25:34 | Create | Trade Cart |
| 25:51 | Build | Castle |
| 26:05 | Build | Castle |
| 26:16 | Build | Fish Trap |
| 26:24 | Build | Fish Trap |
| 26:30 | Create | Demolition Raft |
| 26:33 | Create | Fishing Ship |
| 26:33 | Create | Fishing Ship |
| 26:46 | Create | Monk |
| 26:51 | Create | Villager (Male) |
| 26:52 | Create | Villager (Male) |
| 26:52 | Create | Villager (Male) |
| 26:52 | Create | Villager (Male) |
| 26:52 | Create | Villager (Male) |
| 26:54 | Create | Villager (Male) |
| 26:54 | Create | Villager (Male) |
| 26:54 | Create | Villager (Male) |
| 27:11 | Create | Villager (Male) |
| 27:11 | Create | Villager (Male) |
| 27:11 | Create | Villager (Male) |
| 27:27 | Build | Lumber Camp |
| 27:36 | Create | Trade Cart |
| 27:36 | Create | Trade Cart |
| 27:48 | Build | Fish Trap |
| 28:02 | Build | Fish Trap |
| 28:10 | Research | Chemistry |
| 28:27 | Create | Villager (Male) |
| 28:28 | Create | Villager (Male) |
Build order — Souperman
First 150 of 218 actions detected
| 0:02 | Create | Villager (Male) |
| 0:02 | Create | Villager (Male) |
| 0:02 | Create | Villager (Male) |
| 0:02 | Create | Villager (Male) |
| 0:07 | Build | House |
| 0:08 | Build | House |
| 0:12 | Build | House |
| 1:27 | Build | Palisade Wall |
| 1:35 | Research | Loom |
| 2:02 | Create | Villager (Male) |
| 2:52 | Create | Villager (Male) |
| 2:53 | Create | Villager (Male) |
| 3:42 | Create | Villager (Male) |
| 3:58 | Create | Villager (Male) |
| 4:09 | Create | Villager (Male) |
| 4:41 | Create | Villager (Male) |
| 4:59 | Create | Villager (Male) |
| 5:06 | Build | Mill |
| 5:12 | Create | Villager (Male) |
| 5:27 | Create | Villager (Male) |
| 5:47 | Build | House |
| 5:48 | Build | House |
| 6:10 | Create | Villager (Male) |
| 6:22 | Create | Villager (Male) |
| 7:07 | Create | Villager (Male) |
| 7:33 | Create | Villager (Male) |
| 7:58 | Create | Villager (Male) |
| 8:35 | Build | Lumber Camp |
| 8:38 | Create | Villager (Male) |
| 9:01 | Create | Villager (Male) |
| 9:19 | Build | Mining Camp |
| 9:55 | Create | Villager (Male) |
| 10:29 | Research | Feudal Age |
| 10:38 | Build | Mill |
| 10:50 | Build | Barracks |
| 11:17 | Create | Villager (Male) |
| 11:17 | Create | Villager (Male) |
| 11:57 | Create | Militia |
| 11:58 | Create | Militia |
| 11:59 | Create | Militia |
| 11:59 | Create | Militia |
| 12:31 | Build | House |
| 12:34 | Build | House |
| 12:35 | Build | House |
| 12:39 | Age | Feudal Age |
| 12:45 | Research | Man-at-Arms (upgrade) |
| 12:50 | Create | Villager (Male) |
| 12:57 | Build | Blacksmith |
| 13:08 | Research | Arson |
| 13:11 | Create | Militia |
| 13:57 | Build | Mill |
| 14:05 | Create | Villager (Male) |
| 14:06 | Create | Villager (Male) |
| 14:17 | Research | Forging |
| 14:21 | Research | Scale Mail Armor |
| 14:24 | Create | Militia |
| 14:33 | Research | Horse Collar |
| 14:36 | Research | Double-Bit Axe |
| 14:39 | Create | Villager (Male) |
| 14:54 | Build | Farm |
| 14:56 | Build | Farm |
| 15:05 | Create | Militia |
| 15:17 | Build | Farm |
| 15:45 | Build | Farm |
| 15:49 | Build | Farm |
| 15:53 | Build | Farm |
| 16:23 | Build | Farm |
| 16:25 | Build | Farm |
| 16:27 | Create | Villager (Male) |
| 16:28 | Create | Villager (Male) |
| 16:47 | Build | Archery Range |
| 16:59 | Create | Militia |
| 16:59 | Create | Militia |
| 17:08 | Research | Fletching |
| 17:09 | Research | Padded Archer Armor |
| 17:19 | Create | Villager (Male) |
| 17:28 | Build | House |
| 17:31 | Build | House |
| 17:31 | Build | House |
| 17:32 | Build | House |
| 17:33 | Build | House |
| 17:43 | Create | Skirmisher |
| 17:45 | Create | Skirmisher |
| 17:48 | Create | Skirmisher |
| 17:55 | Create | Militia |
| 18:03 | Build | Farm |
| 18:06 | Create | Villager (Male) |
| 18:06 | Create | Villager (Male) |
| 18:26 | Build | Farm |
| 18:29 | Build | Farm |
| 18:30 | Build | Farm |
| 18:31 | Build | Farm |
| 18:55 | Build | Mining Camp |
| 18:57 | Create | Skirmisher |
| 18:57 | Create | Skirmisher |
| 19:05 | Create | Villager (Male) |
| 19:06 | Create | Villager (Male) |
| 19:16 | Create | Skirmisher |
| 19:39 | Build | Farm |
| 20:14 | Build | Farm |
| 20:16 | Create | Villager (Male) |
| 20:16 | Create | Villager (Male) |
| 20:46 | Build | Farm |
| 21:03 | Create | Villager (Male) |
| 21:08 | Build | Farm |
| 21:11 | Build | Farm |
| 21:11 | Build | Farm |
| 21:16 | Build | Farm |
| 21:33 | Build | Stone Wall |
| 21:35 | Build | Gate |
| 21:43 | Build | Farm |
| 22:19 | Research | Castle Age |
| 22:25 | Create | Militia |
| 22:29 | Create | Militia |
| 22:37 | Create | Skirmisher |
| 22:38 | Create | Skirmisher |
| 22:46 | Build | Lumber Camp |
| 22:52 | Build | Archery Range |
| 22:57 | Build | Barracks |
| 23:11 | Create | Militia |
| 23:11 | Create | Militia |
| 23:18 | Create | Skirmisher |
| 23:18 | Create | Skirmisher |
| 23:31 | Research | Gold Mining |
| 23:49 | Create | Skirmisher |
| 23:49 | Create | Skirmisher |
| 23:55 | Create | Militia |
| 23:55 | Create | Militia |
| 23:59 | Create | Villager (Male) |
| 23:59 | Create | Villager (Male) |
| 24:00 | Create | Villager (Male) |
| 24:52 | Build | House |
| 24:56 | Build | House |
| 24:57 | Build | House |
| 24:59 | Age | Castle Age |
| 25:07 | Build | House |
| 25:18 | Build | Castle |
| 25:29 | Research | Squires |
| 26:01 | Research | Long Swordsman (upgrade) |
| 26:11 | Research | Wheelbarrow |
| 26:12 | Research | Town Watch |
| 26:30 | Build | University |
| 26:58 | Research | Gambesons |
| 27:00 | Create | Spearman |
| 27:00 | Create | Spearman |
| 27:00 | Create | Spearman |
| 27:00 | Create | Spearman |
| 27:01 | Create | Spearman |
| 27:01 | Create | Spearman |
| 27:01 | Create | Spearman |
Build order — Kim-Jong-Kill
First 150 of 362 actions detected
| 0:01 | Create | Villager (Male) |
| 0:01 | Create | Villager (Male) |
| 0:02 | Create | Villager (Male) |
| 0:02 | Create | Villager (Male) |
| 0:03 | Build | House |
| 0:05 | Build | House |
| 0:39 | Research | Loom |
| 0:39 | Create | Villager (Male) |
| 0:39 | Create | Villager (Male) |
| 0:40 | Create | Villager (Male) |
| 1:42 | Create | Villager (Male) |
| 1:51 | Build | Palisade Wall |
| 2:31 | Create | Villager (Male) |
| 2:31 | Create | Villager (Male) |
| 2:55 | Build | House |
| 2:56 | Create | Villager (Male) |
| 2:57 | Create | Villager (Male) |
| 2:57 | Create | Villager (Male) |
| 3:06 | Build | Lumber Camp |
| 3:24 | Create | Villager (Male) |
| 3:43 | Create | Villager (Male) |
| 3:43 | Create | Villager (Male) |
| 4:15 | Create | Villager (Male) |
| 4:15 | Create | Villager (Male) |
| 4:25 | Build | House |
| 4:45 | Create | Villager (Male) |
| 4:45 | Create | Villager (Male) |
| 4:59 | Build | House |
| 5:04 | Build | Palisade Wall |
| 5:10 | Create | Villager (Male) |
| 5:11 | Create | Villager (Male) |
| 5:11 | Create | Villager (Male) |
| 5:40 | Create | Villager (Male) |
| 5:41 | Create | Villager (Male) |
| 6:07 | Create | Villager (Male) |
| 6:07 | Create | Villager (Male) |
| 6:07 | Create | Villager (Male) |
| 6:35 | Create | Villager (Male) |
| 6:35 | Create | Villager (Male) |
| 6:59 | Create | Villager (Male) |
| 6:59 | Create | Villager (Male) |
| 6:59 | Create | Villager (Male) |
| 7:36 | Create | Villager (Male) |
| 7:36 | Create | Villager (Male) |
| 7:59 | Build | Mill |
| 8:20 | Build | Mining Camp |
| 8:24 | Create | Villager (Male) |
| 8:25 | Create | Villager (Male) |
| 8:25 | Create | Villager (Male) |
| 8:43 | Build | Farm |
| 9:01 | Build | Mill |
| 9:10 | Build | Farm |
| 9:39 | Create | Villager (Male) |
| 9:45 | Build | Farm |
| 9:49 | Build | Farm |
| 9:56 | Build | Farm |
| 10:07 | Build | House |
| 10:08 | Build | House |
| 10:17 | Create | Villager (Male) |
| 10:34 | Research | Feudal Age |
| 10:38 | Build | Farm |
| 10:51 | Create | Villager (Male) |
| 10:51 | Create | Villager (Male) |
| 11:25 | Build | Dock |
| 12:01 | Create | Villager (Male) |
| 12:28 | Create | Fishing Ship |
| 12:55 | Age | Feudal Age |
| 13:04 | Build | Stone Wall |
| 13:10 | Build | Gate |
| 13:15 | Create | Villager (Male) |
| 13:26 | Build | Market |
| 14:27 | Build | Blacksmith |
| 14:33 | Create | Villager (Male) |
| 14:42 | Create | Fishing Ship |
| 14:50 | Build | Farm |
| 15:03 | Research | Castle Age |
| 15:10 | Build | Farm |
| 15:36 | Build | Farm |
| 16:07 | Research | Double-Bit Axe |
| 16:10 | Research | Horse Collar |
| 16:17 | Create | Villager (Male) |
| 16:26 | Create | Villager (Male) |
| 16:33 | Create | Demolition Raft |
| 16:39 | Create | Fishing Ship |
| 16:50 | Research | Gold Mining |
| 17:37 | Create | Villager (Male) |
| 17:43 | Age | Castle Age |
| 17:49 | Build | House |
| 17:50 | Build | House |
| 17:52 | Build | House |
| 18:28 | Build | Siege Workshop |
| 18:37 | Create | Villager (Male) |
| 18:56 | Build | University |
| 19:09 | Build | Farm |
| 19:34 | Build | House |
| 19:57 | Create | Villager (Male) |
| 20:11 | Build | Barracks |
| 20:24 | Build | Farm |
| 20:35 | Build | Farm |
| 20:52 | Research | Imperial Age |
| 21:10 | Build | House |
| 21:18 | Build | House |
| 21:24 | Create | Villager (Male) |
| 21:24 | Create | Villager (Male) |
| 21:47 | Build | Archery Range |
| 22:13 | Build | Stone Wall |
| 22:35 | Build | Gate |
| 22:44 | Build | House |
| 22:47 | Build | House |
| 23:01 | Build | Fish Trap |
| 23:07 | Build | Fish Trap |
| 23:11 | Build | Fish Trap |
| 23:33 | Build | Watch Tower |
| 24:01 | Create | Villager (Male) |
| 24:02 | Age | Imperial Age |
| 24:10 | Build | Archery Range |
| 24:15 | Research | Chemistry |
| 24:38 | Research | Padded Archer Armor |
| 24:39 | Research | Fletching |
| 24:47 | Build | Archery Range |
| 25:12 | Build | House |
| 25:30 | Build | Archery Range |
| 25:46 | Build | Farm |
| 25:50 | Build | Farm |
| 26:07 | Create | Hand Cannoneer |
| 26:07 | Create | Hand Cannoneer |
| 26:07 | Create | Hand Cannoneer |
| 26:08 | Create | Hand Cannoneer |
| 26:08 | Create | Hand Cannoneer |
| 26:16 | Create | Villager (Male) |
| 26:23 | Build | Mining Camp |
| 26:27 | Create | Villager (Male) |
| 26:27 | Create | Villager (Male) |
| 26:38 | Create | Hand Cannoneer |
| 26:38 | Create | Hand Cannoneer |
| 26:38 | Create | Hand Cannoneer |
| 26:39 | Create | Hand Cannoneer |
| 26:39 | Create | Hand Cannoneer |
| 26:39 | Create | Hand Cannoneer |
| 26:39 | Create | Hand Cannoneer |
| 26:40 | Create | Hand Cannoneer |
| 26:40 | Create | Hand Cannoneer |
| 26:40 | Create | Hand Cannoneer |
| 26:40 | Create | Hand Cannoneer |
| 26:41 | Create | Hand Cannoneer |
| 26:41 | Create | Hand Cannoneer |
| 26:41 | Create | Hand Cannoneer |
| 26:42 | Create | Hand Cannoneer |
| 27:04 | Create | Bombard Cannon |
| 27:13 | Create | Villager (Male) |
Match timeline
| 1:27 | Souperman · wall_segment Palisade Wall x10 |
| 1:51 | Kim-Jong-Kill · wall_segment Palisade Wall x9 |
| 2:42 | Jeanne d'Arc · wall_segment Palisade Wall x7 |
| 2:48 | Jeanne d'Arc · wall_segment Palisade Wall x8 |
| 2:57 | best_s04 · wall_segment Palisade Wall x11 |
| 4:47 | Lucryn · wall_segment Palisade Wall x2 |
| 4:53 | Jeanne d'Arc · wall_segment Palisade Wall x5 |
| 5:04 | Kim-Jong-Kill · wall_segment Palisade Wall x2 |
| 6:54 | Lucryn · first_building Barracks |
| 7:07 | Jeanne d'Arc · wall_segment Palisade Wall x2 |
| 7:11 | Testosaurus Zeps · first_building Barracks |
| 8:59 | Lucryn · wall_segment Palisade Wall x14 |
| 10:50 | Souperman · first_building Barracks |
| 11:25 | Kim-Jong-Kill · first_building Dock |
| 11:56 | Testosaurus Zeps · first_building Dock |
| 12:17 | Testosaurus Zeps · age_up feudal |
| 12:33 | Lucryn · age_up feudal |
| 12:39 | Souperman · age_up feudal |
| 12:45 | Lucryn · first_building Archery Range |
| 12:55 | Kim-Jong-Kill · age_up feudal |
| 13:04 | Kim-Jong-Kill · wall_segment Stone Wall x11 |
| 13:28 | best_s04 · age_up feudal |
| 13:50 | Jeanne d'Arc · age_up feudal |
| 13:58 | Jeanne d'Arc · wall_segment Stone Wall x9 |
| 15:48 | Jeanne d'Arc · wall_segment Stone Wall x11 |
| 16:47 | Souperman · first_building Archery Range |
| 16:58 | Testosaurus Zeps · first_market_buy 100 food |
| 17:05 | Testosaurus Zeps · first_market_sell 100 wood |
| 17:43 | Kim-Jong-Kill · age_up castle |
| 18:28 | Kim-Jong-Kill · first_building Siege Workshop |
| 18:35 | Lucryn · wall_segment Stone Wall x1 |
| 18:37 | Lucryn · wall_segment Stone Wall x1 |
| 18:40 | Lucryn · wall_segment Stone Wall x1 |
| 18:41 | best_s04 · first_market_buy 100 food |
| 18:51 | Lucryn · wall_segment Stone Wall x2 |
| 19:07 | Kim-Jong-Kill · first_market_buy 100 wood |
| 19:12 | Lucryn · first_market_buy 100 stone |
| 19:17 | Lucryn · first_market_sell 100 wood |
| 19:43 | Kim-Jong-Kill · first_market_sell 100 stone |
| 19:48 | Testosaurus Zeps · age_up castle |
| 19:56 | best_s04 · first_building Stable |
| 20:11 | Kim-Jong-Kill · first_building Barracks |
| 20:13 | Lucryn · age_up castle |
| 20:30 | Lucryn · first_building Castle |
| 21:33 | Souperman · wall_segment Stone Wall x13 |
| 21:43 | best_s04 · age_up castle |
| 21:47 | Kim-Jong-Kill · first_building Archery Range |
| 22:13 | Kim-Jong-Kill · wall_segment Stone Wall x7 |
| 22:22 | Testosaurus Zeps · first_building Monastery |
| 22:35 | best_s04 · first_market_sell 100 food |
| 23:26 | Jeanne d'Arc · age_up castle |
| 24:02 | Kim-Jong-Kill · age_up imperial |
| 24:04 | Jeanne d'Arc · first_market_buy 100 wood |
| 24:59 | Souperman · age_up castle |
| 25:18 | Souperman · first_building Castle |
| 25:30 | Jeanne d'Arc · first_building Barracks |
| 25:49 | Jeanne d'Arc · first_building Castle |
| 25:51 | Testosaurus Zeps · first_building Castle |
| 26:18 | Jeanne d'Arc · first_building Monastery |
| 28:01 | Souperman · first_building Monastery |
| 28:16 | Jeanne d'Arc · first_building Siege Workshop |
| 28:53 | Jeanne d'Arc · first_market_sell 100 wood |
| 29:35 | Lucryn · wall_segment Stone Wall x5 |
| 29:44 | Lucryn · first_building Monastery |
| 31:15 | Testosaurus Zeps · first_building Siege Workshop |
| 31:58 | Lucryn · first_building Siege Workshop |
| 36:26 | Jeanne d'Arc · first_building Stable |
| 36:37 | best_s04 · first_building Castle |
| 37:28 | Lucryn · age_up imperial |
| 37:44 | Jeanne d'Arc · age_up imperial |
| 38:02 | Testosaurus Zeps · wall_segment Stone Wall x3 |
| 38:20 | Testosaurus Zeps · wall_segment Stone Wall x3 |
| 39:02 | Testosaurus Zeps · first_building Stable |
| 39:04 | Souperman · wall_segment Stone Wall x20 |
| 40:39 | Souperman · wall_segment Stone Wall x8 |
| 41:25 | best_s04 · age_up imperial |
| 42:33 | Testosaurus Zeps · age_up imperial |
| 42:54 | best_s04 · tribute_sent a jugador 1 |
| 42:54 | best_s04 · tribute_sent a jugador 3 |
| 42:54 | best_s04 · tribute_sent a jugador 4 |
| 42:54 | best_s04 · tribute_sent a jugador 5 |
| 42:54 | best_s04 · tribute_sent a jugador 6 |
| 44:29 | best_s04 · first_building Siege Workshop |
| 44:44 | Souperman · tribute_sent a jugador 1 |
| 44:44 | Souperman · tribute_sent a jugador 2 |
| 44:44 | Souperman · tribute_sent a jugador 3 |
| 44:44 | Souperman · tribute_sent a jugador 4 |
| 44:44 | Souperman · tribute_sent a jugador 6 |
| 45:25 | Souperman · tribute_sent a jugador 1 |
| 45:25 | Souperman · tribute_sent a jugador 2 |
| 45:25 | Souperman · tribute_sent a jugador 3 |
| 45:25 | Souperman · tribute_sent a jugador 4 |
| 45:25 | Souperman · tribute_sent a jugador 6 |
| 46:24 | Souperman · tribute_sent a jugador 1 |
| 46:24 | Souperman · tribute_sent a jugador 2 |
| 46:24 | Souperman · tribute_sent a jugador 3 |
| 46:24 | Souperman · tribute_sent a jugador 4 |
| 46:24 | Souperman · tribute_sent a jugador 6 |
| 46:41 | best_s04 · first_building Barracks |
| 47:17 | Souperman · tribute_sent a jugador 1 |
| 47:17 | Souperman · tribute_sent a jugador 2 |
| 47:17 | Souperman · tribute_sent a jugador 3 |
| 47:17 | Souperman · tribute_sent a jugador 4 |
| 47:17 | Souperman · tribute_sent a jugador 6 |
| 47:43 | Souperman · tribute_sent a jugador 1 |
| 47:43 | Souperman · tribute_sent a jugador 2 |
| 47:43 | Souperman · tribute_sent a jugador 3 |
| 47:43 | Souperman · tribute_sent a jugador 4 |
| 47:43 | Souperman · tribute_sent a jugador 6 |
| 49:43 | Testosaurus Zeps · resign |
[ AI ANALYSIS · 1 CREDIT ]
What really happened in this match?
Wolo.gg analyzes every decision: build order, eco, micro, common mistakes by bracket. Personalized analysis on WhatsApp or Discord in 30 seconds.
Civ guide
Celts
Perfil
Jugador #13468086